WIN
CHICAGO (WIN) WHITE SOX @ TORONTO (WIN) BLUE JAYS
12/07/2048
 
TOP OF THE 1ST
Chicago (WIN) White Sox batting - Pitching for Toronto (WIN) Blue Jays : RHP Gabe Nalley
Pitching: RHP Gabe Nalley
Batting: LHB Adam Tarbutton 0-0: Fly out, F9 (Flyball, 89S, EV 92.5 MPH)
Batting: LHB Carlos Ramirez 0-0: Ball
1-0: Swinging Strike
1-1: Ball
2-1: Called Strike
2-2: Foul Ball, location: 2F
2-2: Ball
3-2: Strikes out looking
Batting: SHB Ruben Velasco Jr. 0-0: Ball
1-0: Ball
2-0: Ball
3-0: Base on Balls
Batting: LHB Larry Myers 0-0: Ball
1-0: Swinging Strike
1-1: Ball
2-1: Ground out 4-3 (Groundball, 4, EV 102.5 MPH)
Top of the 1st over - 0 runs, 0 hits, 0 errors, 1 left on base; Chicago (WIN) 0 - Toronto (WIN) 0
BOTTOM OF THE 1ST
Toronto (WIN) Blue Jays batting - Pitching for Chicago (WIN) White Sox : LHP Amari Miller
Pitching: LHP Amari Miller
Batting: RHB Justin Geiger 0-0: Called Strike
0-1: Ball
1-1: Ball
2-1: Foul Ball, location: 2F
2-2: Ball
3-2: Foul Ball, location: 2F
3-2: SOLO HOME RUN (Flyball, 7D, EV 101.2 MPH), Distance : 381 ft
Batting: RHB Stephen Casteel 0-0: Called Strike
0-1: Ball
1-1: Called Strike
1-2: Strikes out swinging
Batting: SHB Dominik Hasek II 0-0: Foul Ball, location: 2F
0-1: Called Strike
0-2: Foul Ball, location: 2F
0-2: Strikes out swinging
Batting: RHB Bill Murray 0-0: Called Strike
0-1: Ball
1-1: Ball
2-1: Ground out 6-3 (Groundball, 6, EV 86.2 MPH)
Bottom of the 1st over - 1 run, 1 hit, 0 errors, 0 left on base; Chicago (WIN) 0 - Toronto (WIN) 1
TOP OF THE 2ND
Chicago (WIN) White Sox batting - Pitching for Toronto (WIN) Blue Jays : RHP Gabe Nalley
Batting: RHB Vic Lucatero 0-0: Swinging Strike
0-1: SOLO HOME RUN (Flyball, 78XD, EV 91.2 MPH) (Inside the Park)
Batting: RHB Micah Brown 0-0: Ground out 5-3 (Groundball, 56, EV 76.9 MPH)
Batting: RHB Danny Longoria 0-0: Foul Ball, location: 2F
0-1: Called Strike
0-2: Strikes out looking
Batting: LHB John Thurman 0-0: Ball
1-0: Called Strike
1-1: Ball
2-1: Swinging Strike
2-2: Strikes out swinging
Top of the 2nd over - 1 run, 1 hit, 0 errors, 0 left on base; Chicago (WIN) 1 - Toronto (WIN) 1
BOTTOM OF THE 2ND
Toronto (WIN) Blue Jays batting - Pitching for Chicago (WIN) White Sox : LHP Amari Miller
Batting: RHB Kyle Davis 0-0: Ball
1-0: Called Strike
1-1: Ball
2-1: SINGLE (Line Drive, 34D, EV 108.1 MPH)
Batting: RHB Chris Martin 0-0: Called Strike
0-1: Foul Ball, location: 2F
0-2: Strikes out swinging
Batting: RHB Justin Powell 0-0: Called Strike
0-1: Fly out, F6 (Popup, 6M, EV 72.5 MPH)
Batting: LHB Rodrigo Briceno 0-0: Called Strike
0-1: Ball
1-1: Foul Ball, location: 2F
1-2: Ball
2-2: Ball
3-2: Base on Balls
Kyle Davis to second
Batting: RHB Jose Ontiveros 0-0: Ball
1-0: Fly out, F9 (Flyball, 9, EV 81.2 MPH)
Bottom of the 2nd over - 0 runs, 1 hit, 0 errors, 2 left on base; Chicago (WIN) 1 - Toronto (WIN) 1
TOP OF THE 3RD
Chicago (WIN) White Sox batting - Pitching for Toronto (WIN) Blue Jays : RHP Gabe Nalley
Batting: RHB Jose Medina 0-0: Called Strike
0-1: Foul Ball, location: 2F
0-2: Foul Ball, location: 2F
0-2: Ball
1-2: Ball
2-2: Fly out, F8 (Flyball, 89M, EV 83.1 MPH)
Batting: LHB Adam Tarbutton 0-0: Ball
1-0: SINGLE (Groundball, 34S, EV 68.8 MPH) (infield hit)
Batting: LHB Carlos Ramirez 0-0: Called Strike
0-1: Called Strike
0-2: Foul Ball, location: 2F
0-2: Ball
1-2: Strikes out swinging
Batting: SHB Ruben Velasco Jr. 0-0: Ball
1-0: Ball
2-0: Ball
3-0: Called Strike
3-1: Foul Ball, location: 2F
3-2: Base on Balls
Adam Tarbutton to second
Batting: LHB Larry Myers 0-0: Ball
1-0: Fly out, F8 (Flyball, 78M, EV 86.2 MPH)
Top of the 3rd over - 0 runs, 1 hit, 0 errors, 2 left on base; Chicago (WIN) 1 - Toronto (WIN) 1
BOTTOM OF THE 3RD
Toronto (WIN) Blue Jays batting - Pitching for Chicago (WIN) White Sox : LHP Amari Miller
Batting: RHB Justin Geiger 0-0: Called Strike
0-1: Ball
1-1: Called Strike
1-2: Fly out, F8 (Flyball, 8LXD, EV 100.6 MPH)
Batting: RHB Stephen Casteel 0-0: Foul Ball, location: 2F
0-1: Ball
1-1: Ball
2-1: Swinging Strike
2-2: SINGLE (Line Drive, 6M, EV 104.4 MPH)
Batting: SHB Dominik Hasek II 0-0: Swinging Strike
0-1: Ball
1-1: Ball
2-1: Fly out, F7 (Flyball, 7D, EV 96.2 MPH)
Batting: RHB Bill Murray 0-0: Foul Ball, location: 2F
0-1: Swinging Strike
0-2: Ball
1-2: Foul Ball, location: 2F
1-2: Foul Ball, location: 2F
1-2: Foul Ball, location: 2F
1-2: Ball
Stephen Casteel steals 2nd base (no throw)
2-2: Ball
3-2: Fly out, F5 (Popup, 6S, EV 66.2 MPH)
Bottom of the 3rd over - 0 runs, 1 hit, 0 errors, 1 left on base; Chicago (WIN) 1 - Toronto (WIN) 1
TOP OF THE 4TH
Chicago (WIN) White Sox batting - Pitching for Toronto (WIN) Blue Jays : RHP Gabe Nalley
Batting: RHB Vic Lucatero 0-0: Foul Ball, location: 2F
0-1: Called Strike
0-2: Ball
1-2: Strikes out swinging
Batting: RHB Micah Brown 0-0: Swinging Strike
0-1: Swinging Strike
0-2: Ball
1-2: Strikes out swinging
Batting: RHB Danny Longoria 0-0: Called Strike
0-1: Ball
1-1: Called Strike
1-2: Strikes out swinging
Top of the 4th over - 0 runs, 0 hits, 0 errors, 0 left on base; Chicago (WIN) 1 - Toronto (WIN) 1
BOTTOM OF THE 4TH
Toronto (WIN) Blue Jays batting - Pitching for Chicago (WIN) White Sox : LHP Amari Miller
Batting: RHB Kyle Davis 0-0: Ball
1-0: Ball
2-0: Called Strike
2-1: Ball
3-1: Fly out, F7 (Flyball, 78M, EV 98.1 MPH)
Batting: RHB Chris Martin 0-0: Called Strike
0-1: Swinging Strike
0-2: Ball
1-2: Ball
2-2: Foul Ball, location: 2F
2-2: Strikes out swinging
Batting: RHB Justin Powell 0-0: Swinging Strike
0-1: Swinging Strike
0-2: Ball
1-2: Strikes out swinging
Bottom of the 4th over - 0 runs, 0 hits, 0 errors, 0 left on base; Chicago (WIN) 1 - Toronto (WIN) 1
TOP OF THE 5TH
Chicago (WIN) White Sox batting - Pitching for Toronto (WIN) Blue Jays : RHP Gabe Nalley
Batting: LHB John Thurman 0-0: Called Strike
0-1: Ground out 4-3 (Groundball, 4, EV 87.5 MPH)
Batting: RHB Jose Medina 0-0: Ball
1-0: Called Strike
1-1: Foul Ball, location: 2F
1-2: Ball
2-2: Ground out 6-3 (Groundball, 6, EV 85.6 MPH)
Batting: LHB Adam Tarbutton 0-0: Ball
1-0: Called Strike
1-1: Ball
2-1: Called Strike
2-2: Ball
3-2: Base on Balls
Batting: LHB Carlos Ramirez 0-0: Ball
1-0: Ball
2-0: Ball
3-0: Base on Balls
Adam Tarbutton to second
Batting: SHB Ruben Velasco Jr. 0-0: Ball
1-0: Swinging Strike
1-1: Foul Ball, location: 2F
1-2: Ball
2-2: Strikes out swinging
Top of the 5th over - 0 runs, 0 hits, 0 errors, 2 left on base; Chicago (WIN) 1 - Toronto (WIN) 1
BOTTOM OF THE 5TH
Toronto (WIN) Blue Jays batting - Pitching for Chicago (WIN) White Sox : LHP Amari Miller
Pinch Hitting: RHB Selam Chimsima 0-0: Ball
1-0: Foul Ball, location: 2F
1-1: Swinging Strike
1-2: Strikes out swinging
Batting: RHB Jose Ontiveros 0-0: Called Strike
0-1: Ground out 1-3 (Groundball, 15S, EV 66.2 MPH)
Batting: RHB Justin Geiger 0-0: Called Strike
0-1: Called Strike
0-2: Ball
1-2: Ball
2-2: Strikes out swinging
Bottom of the 5th over - 0 runs, 0 hits, 0 errors, 0 left on base; Chicago (WIN) 1 - Toronto (WIN) 1
TOP OF THE 6TH
Chicago (WIN) White Sox batting - Pitching for Toronto (WIN) Blue Jays : RHP Gabe Nalley
Now at 1B: Chris Martin
Now at 2B: Luis Reyes
Batting: LHB Larry Myers 0-0: Foul Ball, location: 2F
0-1: Foul Ball, location: 2F
0-2: Foul Ball, location: 2F
0-2: Strikes out swinging
Batting: RHB Vic Lucatero 0-0: Called Strike
0-1: Foul Ball, location: 2F
0-2: Foul Ball, location: 2F
0-2: Ball
1-2: Foul Ball, location: 2F
1-2: Ball
2-2: Strikes out looking
Batting: RHB Micah Brown 0-0: Fly out, F7 (Flyball, 78M, EV 80.6 MPH)
Top of the 6th over - 0 runs, 0 hits, 0 errors, 0 left on base; Chicago (WIN) 1 - Toronto (WIN) 1
BOTTOM OF THE 6TH
Toronto (WIN) Blue Jays batting - Pitching for Chicago (WIN) White Sox : LHP Amari Miller
Batting: RHB Stephen Casteel 0-0: SINGLE (Groundball, 34D, EV 102.5 MPH)
Pitching: LHP Ray Sowers
Batting: SHB Dominik Hasek II 0-0: Called Strike
0-1: Ball
Stephen Casteel steals 2nd, throwing error, E2
Stephen Casteel to third
1-1: Foul Ball, location: 2F
1-2: Strikes out swinging
Batting: RHB Bill Murray 0-0: Swinging Strike
0-1: Ball
1-1: Called Strike
1-2: Ball
2-2: Ball
3-2: Base on Balls
Batting: RHB Kyle Davis 0-0: Called Strike
Bill Murray is caught stealing 2nd base 2-4
0-1: Called Strike
0-2: Ball
1-2: Ball
2-2: Ball
3-2: Base on Balls
Batting: RHB Chris Martin 0-0: SINGLE (Line Drive, 34D, EV 95.6 MPH)
Stephen Casteel scores
Kyle Davis to second
Runner from 2nd tries for 3rd, SAFE, throw by RF made to third
Batting: RHB Justin Powell 0-0: Ground out 1-3 (Groundball, 34S, EV 62.5 MPH)
Bottom of the 6th over - 1 run, 2 hits, 1 error, 2 left on base; Chicago (WIN) 1 - Toronto (WIN) 2
TOP OF THE 7TH
Chicago (WIN) White Sox batting - Pitching for Toronto (WIN) Blue Jays : RHP Gabe Nalley
Now at 2B: Tokuji Kawabata
Now at SS: Luis Reyes
Now in RF: Kurt Estep
Pinch Hitting: LHB Joe Kirkland 0-0: Ball
1-0: Ball
2-0: Ground out 4-3 (Groundball, 4, EV 83.8 MPH)
Pitching: RHP Andres Lozano
Batting: LHB John Thurman 0-0: Foul Ball, location: 2F
0-1: Fly out, F5 (Popup, 56, EV 57.5 MPH)
Batting: RHB Jose Medina 0-0: Called Strike
0-1: Ball
1-1: Foul Ball, location: 2F
1-2: Ball
2-2: Ball
3-2: Strikes out swinging
Top of the 7th over - 0 runs, 0 hits, 0 errors, 0 left on base; Chicago (WIN) 1 - Toronto (WIN) 2
BOTTOM OF THE 7TH
Toronto (WIN) Blue Jays batting - Pitching for Chicago (WIN) White Sox : LHP Ray Sowers
Now at 3B: Ron Johansen
Batting: RHB Luis Reyes 0-0: Ball
1-0: Ball
2-0: Foul Ball, location: 2F
2-1: Ball
3-1: Foul Ball, location: 2F
3-2: Foul Ball, location: 2F
3-2: Fly out, F3 (Popup, 3SF, EV 71.9 MPH)
Batting: RHB Jose Ontiveros 0-0: Foul Ball, location: 2F
0-1: Foul Ball, location: 2F
0-2: SINGLE (Line Drive, 56D, EV 99.4 MPH)
Batting: RHB Justin Geiger 0-0: Called Strike
0-1: Ball
1-1: Ball
2-1: Foul Ball, location: 2F
2-2: Ball
3-2: Base on Balls
Jose Ontiveros to second
Batting: RHB Tokuji Kawabata 0-0: Ball
1-0: Called Strike
1-1: Ball
2-1: Called Strike
2-2: Fly out, F8 (Flyball, 89S, EV 96.2 MPH)
Pitching: RHP Jesus Griego
Batting: SHB Dominik Hasek II 0-0: Ball
1-0: Called Strike
1-1: Swinging Strike
1-2: Ball
2-2: Foul Ball, location: 2F
2-2: DOUBLE (Line Drive, 78XD, EV 103.8 MPH)
Jose Ontiveros scores
Justin Geiger to third
Runner from 3rd tries for Home, SAFE, no throw by LF
Batting: LHB Kurt Estep 0-0: Called Strike
0-1: Ground out 4-3 (Groundball, 4, EV 84.4 MPH)
Bottom of the 7th over - 2 runs, 2 hits, 0 errors, 1 left on base; Chicago (WIN) 1 - Toronto (WIN) 4
TOP OF THE 8TH
Chicago (WIN) White Sox batting - Pitching for Toronto (WIN) Blue Jays : RHP Andres Lozano
Batting: LHB Adam Tarbutton 0-0: Foul Ball, location: 2F
0-1: Swinging Strike
0-2: Strikes out swinging
Batting: LHB Carlos Ramirez 0-0: Foul Ball, location: 2F
0-1: Foul Ball, location: 2F
0-2: Foul Ball, location: 2F
0-2: Ball
1-2: Ball
2-2: Ball
3-2: DOUBLE (Flyball, 8RXD, EV 111.2 MPH) - OUT at third base trying to stretch hit.
Batting: SHB Ruben Velasco Jr. 0-0: Foul Ball, location: 2F
0-1: Called Strike
0-2: Ball
1-2: Strikes out swinging
Top of the 8th over - 0 runs, 1 hit, 0 errors, 0 left on base; Chicago (WIN) 1 - Toronto (WIN) 4
BOTTOM OF THE 8TH
Toronto (WIN) Blue Jays batting - Pitching for Chicago (WIN) White Sox : RHP Jesus Griego
Batting: RHB Kyle Davis 0-0: Foul Ball, location: 2F
0-1: Ball
1-1: Swinging Strike
1-2: Strikes out looking
Batting: RHB Chris Martin 0-0: Called Strike
0-1: Ball
1-1: Foul Ball, location: 2F
1-2: Foul Ball, location: 2F
1-2: Strikes out looking
Batting: RHB Justin Powell 0-0: Swinging Strike
0-1: Swinging Strike
0-2: Ball
1-2: Fly out, F9 (Line Drive, 9S, EV 110.6 MPH)
Bottom of the 8th over - 0 runs, 0 hits, 0 errors, 0 left on base; Chicago (WIN) 1 - Toronto (WIN) 4
TOP OF THE 9TH
Chicago (WIN) White Sox batting - Pitching for Toronto (WIN) Blue Jays : RHP Andres Lozano
Batting: LHB Larry Myers 0-0: Foul Ball, location: 2F
0-1: Hit by Pitch
Batting: RHB Vic Lucatero 0-0: Ball
1-0: Swinging Strike
1-1: Foul Ball, location: 2F
1-2: Strikes out swinging
Pinch Hitting: LHB Jason Bell 0-0: Foul Ball, location: 2F
0-1: Ball
1-1: Ball
2-1: Foul Ball, location: 2F
2-2: Foul Ball, location: 2F
2-2: Strikes out looking
Batting: RHB Ron Johansen 0-0: Ball
1-0: Foul Ball, location: 2F
1-1: Ball
2-1: Foul Ball, location: 2F
2-2: Fielders Choice at 2nd, 6-4 (Groundball, 6, EV 82.5 MPH)
Top of the 9th over - 0 runs, 0 hits, 0 errors, 1 left on base; Chicago (WIN) 1 - Toronto (WIN) 4
Tuesday, March 28th , 2023 - OOTP Baseball 23.10 Build 110